[Event "Chessable Masters - Torneo preliminare"]
[White "Oparin, Grigoriy"]
[Black "Harikrishna, Pentala"]
[WhiteFideId "24125890"]
[BlackFideId "5007003"]
[WhiteElo "2650"]
[BlackElo "2627"]
[Result "1/2-1/2"]
[Round "6"]
[TimeControl "600+2"]
[Date "2023.03.13"]
[WhiteClock "0:03:10"]
[BlackClock "0:00:24"]

1. d4 Nf6 2. c4 e6 3. Nf3 d5 4. g3 Be7 5. Bg2 O-O 6. Qc2 c5 7. dxc5 Qa5+ 8. Nc3 dxc4 9. O-O Qxc5 10. Bg5 Nc6 11. Rfd1 e5 12. Bxf6 Bxf6 13. Ne4 Qe7 14. Qxc4 Be6 15. Qb5 Rad8 16. Nxf6+ gxf6 17. e3 Qb4 18. Qxb4 Nxb4 19. a3 Nd3 20. Rd2 Nc5 21. Rad1 Rxd2 22. Rxd2 Nb3 23. Rc2 Rd8 24. h3 a5 25. g4 b5 26. Nh4 Rd1+ 27. Kh2 Rd2 28. Rxd2 Nxd2 29. Bc6 b4 30. axb4 axb4 31. Bb5 Kf8 32. Kg3 Bc4 33. Bc6 Bd3 34. Bd5 Be4 35. Bxe4 Nxe4+ 36. Kg2 Nd6 37. Nf3 Ke7 38. Nd2 f5 39. gxf5 Nxf5 40. Kf3 Ke6 41. Kg4 Nd6 42. Kg5 Kd5 43. Kh6 Nc4 44. Nxc4 Kxc4 45. Kxh7 Kb3 46. h4 Kxb2 47. h5 b3 48. h6 Kc3 49. Kg7 b2 50. h7 b1=Q 51. h8=Q Qg1+ 52. Kxf7 Qxf2+ 53. Ke6 Qxe3 54. Qxe5+ Qxe5+ 55. Kxe5 1/2-1/2


[Site "Internet"]

[Event "Chessable Masters - Torneo preliminare"]
[White "Lobanov, Sergei"]
[Black "Anton Guijarro, David"]
[WhiteFideId "24183750"]
[BlackFideId "2285525"]
[WhiteElo "2436"]
[BlackElo "2635"]
[Result "0-1"]
[Round "6"]
[TimeControl "600+2"]
[Date "2023.03.13"]
[WhiteClock "0:01:07"]
[BlackClock "0:05:19"]

1. d4 Nf6 2. c4 e6 3. Nc3 Bb4 4. e3 O-O 5. Bd3 c5 6. Ne2 cxd4 7. exd4 d5 8. cxd5 Nxd5 9. O-O Nc6 10. Nxd5 exd5 11. Nf4 Re8 12. Qh5 g6 13. Qxd5 Bd6 14. Qc4 Qf6 15. Nd5 Qh4 16. g3 Qd8 17. Bf4 Bxf4 18. Nxf4 Nxd4 19. Nd5 Nf3+ 20. Kg2 Be6 0-1


[Site "Internet"]

[Event "Chessable Masters - Torneo preliminare"]
[White "Kravtsiv, Martyn"]
[Black "Aditya, Mittal"]
[WhiteFideId "14113147"]
[BlackFideId "35042025"]
[WhiteElo "2675"]
[BlackElo "2386"]
[Result "1-0"]
[Round "6"]
[TimeControl "600+2"]
[Date "2023.03.13"]
[WhiteClock "0:00:19"]
[BlackClock "0:00:03"]

1. e4 e5 2. Nf3 Nc6 3. Nc3 Nf6 4. a4 Bb4 5. Bd3 d6 6. O-O a6 7. Ne2 d5 8. Ng3 O-O 9. Qe2 Re8 10. c3 Bf8 11. Bc2 dxe4 12. Nxe4 Bf5 13. d3 h6 14. Re1 Nxe4 15. dxe4 Be6 16. Be3 Qf6 17. Nd2 Red8 18. a5 g5 19. Nb3 Rd7 20. Nc5 Bxc5 21. Bxc5 Rad8 22. Be3 Ne7 23. Red1 Ng6 24. Rxd7 Rxd7 25. Rd1 Nf4 26. Qf1 Kg7 27. Rxd7 Bxd7 28. Qd1 Bb5 29. Bb3 Qc6 30. Bxf4 gxf4 31. Bd5 Qd7 32. Qh5 f6 33. h3 Bc6 34. Qg4+ Qxg4 35. hxg4 Kg6 36. b4 Bxd5 37. exd5 f5 38. c4 fxg4 39. b5 Kf6 40. c5 axb5 41. c6 bxc6 42. a6 cxd5 43. a7 d4 44. a8=Q 1-0


[Site "Internet"]

[Event "Chessable Masters - Torneo preliminare"]
[White "Alekseenko, Kirill"]
[Black "Preotu, Razvan"]
[WhiteFideId "4135539"]
[BlackFideId "2613280"]
[WhiteElo "2632"]
[BlackElo "2532"]
[Result "1-0"]
[Round "6"]
[TimeControl "600+2"]
[Date "2023.03.13"]
[WhiteClock "0:00:28"]
[BlackClock "0:00:04"]

1. e4 e6 2. d4 d5 3. Nd2 c5 4. exd5 Qxd5 5. dxc5 Qxc5 6. Ngf3 Nf6 7. Bd3 Nbd7 8. O-O Qc7 9. a4 b6 10. a5 bxa5 11. Nb3 Rb8 12. Nxa5 Nc5 13. Be2 Nce4 14. c3 Be7 15. Nd4 Bd7 16. Re1 Bd6 17. g3 e5 18. Bf3 exd4 19. Bxe4 O-O 20. Bg2 dxc3 21. bxc3 Rb5 22. Nc4 Qxc4 23. Qxd6 Qxc3 24. Ba3 Rfb8 25. Rac1 Qa5 26. h3 h6 27. Kh2 R8b6 28. Qf8+ Kh7 29. Be7 Rf5 30. Bc5 Re6 31. Rxe6 Bxe6 32. Be3 Bd5 33. Rc5 Qa2 34. Qd6 Ne4 35. Qxd5 Rxd5 36. Bxe4+ f5 37. Bxd5 Qa3 38. Be6 g6 39. Rc7+ 1-0


[Site "Internet"]

[Event "Chessable Masters - Torneo preliminare"]
[White "Paravyan, David"]
[Black "Fier, Alexandr"]
[WhiteFideId "4194985"]
[BlackFideId "2107139"]
[WhiteElo "2598"]
[BlackElo "2504"]
[Result "0-1"]
[Round "6"]
[TimeControl "600+2"]
[Date "2023.03.13"]
[WhiteClock "0:00:03"]
[BlackClock "0:03:04"]

1. e4 c6 2. d4 d5 3. e5 c5 4. Nf3 cxd4 5. Nxd4 Nc6 6. Nxc6 bxc6 7. Bd3 e6 8. O-O Ne7 9. Nd2 Ng6 10. Nf3 Be7 11. Re1 a5 12. Nd4 Qc7 13. Qh5 O-O 14. Re3 h6 15. Bxg6 fxg6 16. Qxg6 Bc5 17. c3 Qf7 18. Qxf7+ Rxf7 19. Rg3 Kh7 20. Be3 Bxd4 21. cxd4 Rb7 22. Rb1 Rab8 23. b3 a4 24. Bd2 axb3 25. Rgxb3 Rxb3 26. axb3 Ra8 27. f3 Ra2 28. Be3 Ba6 29. h3 h5 30. h4 Kg6 31. Kh2 Kf5 32. Kg3 Bb5 33. Rc1 Re2 34. Bg5 Ra2 35. Be7 Kg6 36. Bg5 Kf5 37. Be3 Re2 38. Bg1 Ra2 39. Bf2 Kg6 40. Be3 Kf5 41. Bg5 Kg6 42. Kh3 Rf2 43. Ra1 Bf1 44. Kg3 Rxg2+ 45. Kf4 Bd3 46. Ra7 Rc2 47. Be7 Kh7 48. Bf6 Rg2 49. Rc7 Kg8 50. Bd8 Rc2 51. Kg5 Rg2+ 52. Kf4 Rc2 53. Be7 Rc3 54. Kg5 Ba6 55. Ra7 Rxf3 56. Ra8+ Kh7 57. Rf8 Rg3+ 58. Kf4 Rg4+ 59. Ke3 Re4+ 60. Kf2 Rxd4 61. Bd6 Rd2+ 62. Ke3 Rd3+ 63. Kf4 Rxb3 64. Re8 Be2 65. Rxe6 Bg4 66. Re7 Rf3+ 67. Kg5 Rf5# 0-1


[Site "Internet"]

[Event "Chessable Masters - Torneo preliminare"]
[White "Mareco, Sandro"]
[Black "Kosteniuk, Alexandra"]
[WhiteFideId "112275"]
[BlackFideId "4128125"]
[WhiteElo "2541"]
[BlackElo "2524"]
[Result "0-1"]
[Round "6"]
[TimeControl "600+2"]
[Date "2023.03.13"]
[WhiteClock "0:05:40"]
[BlackClock "0:03:24"]

1. d4 Nf6 2. c4 e6 3. Nf3 d5 4. g3 dxc4 5. Bg2 Nc6 6. O-O Rb8 7. Re1 Be7 8. e4 O-O 9. Nc3 b5 10. a3 Na5 11. Be3 Nb3 12. Rb1 Bb7 13. Ne5 a6 14. d5 Bc5 15. a4 Bxe3 16. Rxe3 b4 17. Na2 exd5 18. Nxb4 Qd6 19. Nec6 Bxc6 20. Nxa6 Rb6 21. e5 Qd7 22. exf6 Rxa6 23. Qh5 Bxa4 24. Re7 Qd6 25. Bxd5 Qxf6 26. Rbe1 g6 27. Qe2 Nd4 28. Qxc4 Bb3 29. Rxf7 Rxf7 30. Bxf7+ Kg7 0-1


[Site "Internet"]

[Event "Chessable Masters - Torneo preliminare"]
[White "Petrov, Nikita"]
[Black "Bachmann, Axel"]
[WhiteFideId "4101286"]
[BlackFideId "3700488"]
[WhiteElo "2514"]
[BlackElo "2618"]
[Result "1/2-1/2"]
[Round "6"]
[TimeControl "600+2"]
[Date "2023.03.13"]
[WhiteClock "0:00:17"]
[BlackClock "0:00:12"]

1. d4 Nf6 2. Bg5 d5 3. e3 c5 4. c3 Ne4 5. Bf4 Nc6 6. Bd3 Nf6 7. Nd2 Qb6 8. Rb1 Bg4 9. Ngf3 e6 10. Qa4 cxd4 11. exd4 Be7 12. Ne5 Bh5 13. O-O O-O 14. Rfe1 Nxe5 15. Bxe5 Rfc8 16. h3 Bg6 17. Bxg6 hxg6 18. Qd1 Qc6 19. Bxf6 gxf6 20. Nf1 b5 21. Ne3 f5 22. Nf1 b4 23. cxb4 Bxb4 24. Re2 Rab8 25. Nh2 Qa6 26. a3 Be7 27. Nf3 Bf6 28. Rc2 Rxc2 29. Qxc2 Rc8 30. Qd2 Qc4 31. Re1 Qb3 32. Rc1 Rc4 33. Rxc4 dxc4 34. Qc3 Qd1+ 35. Kh2 Qe2 36. Kg1 Qd1+ 37. Kh2 Qe2 38. Kg1 g5 39. Ne5 Kg7 40. Qxc4 Qxc4 41. Nxc4 Bxd4 42. b4 Kf6 43. a4 e5 44. g4 fxg4 45. hxg4 Ke6 46. b5 Kd5 47. Na5 Bb6 48. Nc6 a5 49. Kf1 f6 50. Ke2 Kc4 51. Ne7 Kb3 52. Nd5 Bc5 53. b6 Kxa4 54. b7 Bd6 55. Nxf6 Kb3 56. Ne4 Bc7 57. Nc5+ Kc4 58. Na6 Bd6 59. Kd2 a4 60. Kc2 Kd4 61. b8=Q Bxb8 62. Nxb8 e4 63. Nc6+ Kd5 64. Ne7+ Ke5 65. Ng6+ Kd4 66. Nf8 Ke5 67. Ng6+ Kf6 68. Nf8 Ke7 69. Ng6+ Kf6 70. Nf8 Ke5 71. Ng6+ 1/2-1/2


[Site "Internet"]

[Event "Chessable Masters - Torneo preliminare"]
[White "Yu, Yangyi"]
[Black "Cardoso Cardoso, Jose Gabriel"]
[WhiteFideId "8603820"]
[BlackFideId "4430492"]
[WhiteElo "2734"]
[BlackElo "2425"]
[Result "1-0"]
[Round "6"]
[TimeControl "600+2"]
[Date "2023.03.13"]
[WhiteClock "0:07:09"]
[BlackClock "0:03:37"]

1. e4 c5 2. Nf3 d6 3. d4 cxd4 4. Nxd4 Nf6 5. Nc3 a6 6. a4 e5 7. Nf3 Be7 8. Bc4 O-O 9. O-O Be6 10. Qe2 Qc7 11. Bb3 Rc8 12. Rd1 Nbd7 13. Bg5 Bc4 14. Qe1 h6 15. Bxf6 Nxf6 16. Nd2 Be6 17. Nf1 Qc5 18. Ne3 b5 19. Ncd5 Nxd5 20. Nxd5 Bd8 21. Qe2 g6 22. h3 Kg7 23. Rd3 Ra7 24. Rc3 Qd4 25. Rd1 Rxc3 26. Rxd4 Rxb3 27. cxb3 exd4 28. Qd3 Rb7 29. Qxd4+ Kg8 30. Nf4 Be7 31. Nxe6 fxe6 32. Qc3 1-0


[Site "Internet"]

[Event "Chessable Masters - Torneo preliminare"]
[White "Vallejo Pons, Francisco"]
[Black "Sarana, Alexey"]
[WhiteFideId "2205530"]
[BlackFideId "24133795"]
[WhiteElo "2662"]
[BlackElo "2643"]
[Result "1/2-1/2"]
[Round "6"]
[TimeControl "600+2"]
[Date "2023.03.13"]
[WhiteClock "0:01:25"]
[BlackClock "0:07:24"]

1. e4 c5 2. b3 Nf6 3. e5 Nd5 4. Nc3 Nxc3 5. dxc3 Nc6 6. Nf3 Qc7 7. Bf4 f6 8. Bg3 fxe5 9. Nxe5 Nxe5 10. Qh5+ g6 11. Qxe5 Qxe5+ 12. Bxe5 Rg8 13. Bc4 e6 14. O-O-O d5 15. Be2 Bd7 16. Rhe1 Kf7 17. Rd3 Bg7 18. Bg4 Rge8 19. Rf3+ Kg8 20. Rfe3 Bxe5 21. Rxe5 Kf7 22. f4 Rad8 23. g3 Bc8 24. h4 h5 25. Bh3 Rd6 26. a4 Red8 27. Kd2 a5 28. Bf1 Kg7 29. Rg5 Rf8 30. Bd3 Rf6 31. Rg1 Kf7 32. Ke3 d4+ 33. cxd4 cxd4+ 34. Kd2 Rf5 35. g4 Rxg5 36. hxg5 hxg4 37. Rxg4 Bd7 38. Rh4 Kg7 39. Rh1 Bc6 40. Re1 b6 41. Re2 Kf7 42. Rh2 Kg7 43. Rh6 Be8 44. Rh2 Bc6 45. Rh6 Be8 46. Rh2 Bc6 1/2-1/2


[Site "Internet"]

[Event "Chessable Masters - Torneo preliminare"]
[White "Bortnyk, Olexandr"]
[Black "Tan, Zhongyi"]
[WhiteFideId "14120828"]
[BlackFideId "8603642"]
[WhiteElo "2643"]
[BlackElo "2517"]
[Result "1/2-1/2"]
[Round "6"]
[TimeControl "600+2"]
[Date "2023.03.13"]
[WhiteClock "0:00:06"]
[BlackClock "0:00:56"]

1. d4 d5 2. Nc3 Nf6 3. Bf4 c5 4. e4 dxe4 5. dxc5 Qa5 6. Qd2 Bd7 7. Nxe4 Qxd2+ 8. Nxd2 Nc6 9. Ngf3 Nd5 10. Bg3 Ndb4 11. O-O-O Nxa2+ 12. Kb1 Nab4 13. Nc4 f6 14. c3 Bf5+ 15. Ka1 Nc2+ 16. Ka2 b5 17. Ne3 Nxe3 18. Bxb5 Rc8 19. fxe3 a6 20. Bxc6+ Rxc6 21. Nd4 Rxc5 22. b4 Rxc3 23. Nxf5 g6 24. Kb2 Rc4 25. Kb3 Re4 26. Nd4 Rxe3+ 27. Kc4 e5 28. Nc6 Re2 29. Rhf1 Rc2+ 30. Kd5 Be7 31. Bf2 Kf7 32. Bc5 Bxc5 33. bxc5 Re8 34. g4 e4 35. Rb1 e3 36. Rb7+ Kg8 37. Rxf6 Rd2+ 38. Kc4 Re4+ 39. Kc3 e2 40. Ne7+ Kg7 41. g5 Rd7 42. Nf5+ gxf5 43. Rxd7+ Kg8 44. Rd8+ Kg7 45. Rd7+ Kg8 46. Rd8+ Kg7 47. Rd7+ 1/2-1/2


[Site "Internet"]

[Event "Chessable Masters - Torneo preliminare"]
[White "Fressinet, Laurent"]
[Black "Makarian, Rudik"]
[WhiteFideId "608742"]
[BlackFideId "44105681"]
[WhiteElo "2689"]
[BlackElo "2462"]
[Result "1/2-1/2"]
[Round "6"]
[TimeControl "600+2"]
[Date "2023.03.13"]
[WhiteClock "0:00:51"]
[BlackClock "0:01:10"]

1. d4 Nf6 2. Nf3 c5 3. d5 b5 4. c3 b4 5. cxb4 cxb4 6. a3 g6 7. axb4 Bg7 8. Nc3 O-O 9. e4 Qb6 10. b5 Ng4 11. Qc2 f5 12. h3 Bxc3+ 13. bxc3 fxe4 14. hxg4 exf3 15. gxf3 Rxf3 16. Bg2 Qf6 17. g5 Qe5+ 18. Kf1 Rxc3 19. Qd2 Rb3 20. d6 Bb7 21. Bxb7 Qxb5+ 22. Kg1 Qxb7 23. dxe7 Na6 24. Rxa6 Re8 25. Rxg6+ hxg6 26. Qd4 Qf3 27. Qh8+ Kf7 28. Rh7+ Ke6 29. Qxe8 Qd1+ 30. Kh2 Qd6+ 31. f4 Rb2+ 32. Bxb2 Qd2+ 33. Kg3 Qe3+ 34. Kg2 Qe2+ 35. Kg3 1/2-1/2


[Site "Internet"]

[Event "Chessable Masters - Torneo preliminare"]
[White "Kamsky, Gata"]
[Black "Tari, Aryan"]
[WhiteFideId "2000024"]
[BlackFideId "1510045"]
[WhiteElo "2630"]
[BlackElo "2539"]
[Result "1/2-1/2"]
[Round "6"]
[TimeControl "600+2"]
[Date "2023.03.13"]
[WhiteClock "0:00:20"]
[BlackClock "0:00:08"]

1. d4 d5 2. Bf4 c5 3. e3 cxd4 4. exd4 Nc6 5. c3 f6 6. Nf3 g5 7. Be3 Bf5 8. h4 g4 9. Ng1 Bh6 10. Ne2 Bxe3 11. fxe3 Qd6 12. Nf4 O-O-O 13. Bd3 Bxd3 14. Qxd3 e5 15. Ne2 Nge7 16. Rf1 Kb8 17. Na3 a6 18. O-O-O h5 19. g3 Qe6 20. Nc2 Rdf8 21. Kb1 Nc8 22. e4 dxe4 23. Qxe4 Nd6 24. Qg2 Ne7 25. Rfe1 Ndf5 26. dxe5 fxe5 27. Nf4 Qc6 28. Qxc6 Nxc6 29. Ng6 Nxg3 30. Nxh8 Rxh8 31. Ne3 Rf8 32. Rd7 Rf2 33. Rh7 Rf4 34. Rd1 Re4 35. Nd5 Re2 36. Nf6 Na5 37. b3 Rh2 38. Rd5 Ne2 39. Rxa5 g3 40. Rg7 g2 41. Rxe5 Nxc3+ 42. Kc1 Nxa2+ 43. Kd1 Rh1+ 44. Kd2 g1=Q 45. Rxg1 Rxg1 46. Rxh5 Rg2+ 1/2-1/2


[Site "Internet"]

[Event "Chessable Masters - Torneo preliminare"]
[White "Svane, Rasmus"]
[Black "Narayanan, Srinath"]
[WhiteFideId "4657101"]
[BlackFideId "5018420"]
[WhiteElo "2621"]
[BlackElo "2482"]
[Result "0-1"]
[Round "6"]
[TimeControl "600+2"]
[Date "2023.03.13"]
[WhiteClock "0:00:04"]
[BlackClock "0:00:15"]

1. d4 d5 2. c4 dxc4 3. Nf3 Nf6 4. e3 e6 5. Bxc4 c5 6. O-O a6 7. Be2 b6 8. b3 Bb7 9. Bb2 Be7 10. Ne5 cxd4 11. Qxd4 Qxd4 12. Bxd4 Nbd7 13. Nxd7 Nxd7 14. Nd2 e5 15. Bb2 f6 16. Rfc1 Nc5 17. Ba3 Ne6 18. Bxe7 Kxe7 19. Nc4 b5 20. Na5 Bd5 21. Nc6+ Kd6 22. Nb4 Bb7 23. Rd1+ Kc5 24. a3 Rhd8 25. Bf3 e4 26. Bg4 Nc7 27. Nc2 g6 28. Nd4 Kb6 29. Rac1 Bd5 30. a4 f5 31. a5+ Kb7 32. Be2 Ne6 33. Nxe6 Bxe6 34. b4 Bb3 35. Rxd8 Rxd8 36. Kf1 Rd2 37. Rb1 Ba2 38. Rd1 Rb2 39. h4 Bc4 40. Bxc4 bxc4 41. Ke1 Kc6 42. Rd8 Kb5 43. Rb8+ Ka4 44. Rb6 c3 45. Kd1 Kb3 46. b5 Rb1+ 47. Ke2 Rb2+ 48. Kd1 axb5 49. a6 b4 50. a7 Rb1+ 51. Ke2 Ra1 52. Rb7 c2 53. Rc7 Rxa7 0-1


[Site "Internet"]

[Event "Chessable Masters - Torneo preliminare"]
[White "Bok, Benjamin"]
[Black "Sourath, Biswas"]
[WhiteFideId "1017063"]
[BlackFideId "35091484"]
[WhiteElo "2608"]
[BlackElo "2138"]
[Result "1-0"]
[Round "6"]
[TimeControl "600+2"]
[Date "2023.03.13"]
[WhiteClock "0:00:10"]
[BlackClock "0:00:50"]

1. d4 Nf6 2. c4 g6 3. g3 Bg7 4. Bg2 O-O 5. Nc3 d6 6. Nf3 Nbd7 7. O-O e5 8. e4 b6 9. Be3 Bb7 10. d5 Nc5 11. Ne1 a5 12. Nd3 Bc8 13. f3 Bd7 14. b3 Nh5 15. Rb1 f5 16. exf5 gxf5 17. Nxc5 bxc5 18. Bd2 f4 19. g4 Nf6 20. Qe2 Qe8 21. Kh1 Qg6 22. Rg1 e4 23. Nxe4 Nxe4 24. fxe4 Bd4 25. Bf3 Bxg1 26. Rxg1 Qg7 27. Bc1 Qd4 28. Rd1 Qc3 29. Bb2 Qe3 30. Qf1 Rae8 31. Rd3 Rxe4 32. Rxe3 fxe3 33. Qd3 Ref4 34. Be2 Re8 35. h3 Re7 36. Kg2 Be8 37. Kg3 Rf2 38. Qc3 Re5 39. Qxa5 Re7 40. Qc3 Re5 41. Qc1 Re7 42. Bf3 Bg6 43. Bf6 Re8 44. Bg5 Rd2 45. Bxe3 Rd3 46. Kf2 Rexe3 47. Qxe3 Rxe3 48. Kxe3 Kf7 49. Be4 1-0


[Site "Internet"]

[Event "Chessable Masters - Torneo preliminare"]
[White "Matamoros Franco, Carlos S."]
[Black "Chirila, Ioan-Cristian"]
[WhiteFideId "3600017"]
[BlackFideId "1211668"]
[WhiteElo "2407"]
[BlackElo "2508"]
[Result "0-1"]
[Round "6"]
[TimeControl "600+2"]
[Date "2023.03.13"]
[WhiteClock "0:05:04"]
[BlackClock "0:05:21"]

1. c4 Nf6 2. g3 e6 3. Bg2 d5 4. Nf3 Be7 5. O-O O-O 6. b3 d4 7. e3 c5 8. d3 Nc6 9. Na3 e5 10. Re1 dxe3 11. Rxe3 e4 12. Ne1 Ng4 13. Rxe4 f5 14. Re2 Nd4 15. Rb2 Bf6 16. b4 cxb4 17. Rxb4 Qe7 18. Rab1 Ne2+ 0-1


[Site "Internet"]

[Event "Chessable Masters - Torneo preliminare"]
[White "Pap, Gyula"]
[Black "Drygalov, Sergey"]
[WhiteFideId "725323"]
[BlackFideId "24171743"]
[WhiteElo "2563"]
[BlackElo "2461"]
[Result "1-0"]
[Round "6"]
[TimeControl "600+2"]
[Date "2023.03.13"]
[WhiteClock "0:00:10"]
[BlackClock "0:00:08"]

1. d4 Nf6 2. c3 d5 3. Nf3 c5 4. Bf4 Nc6 5. e3 Qb6 6. Qc2 cxd4 7. exd4 Bg4 8. Nbd2 e6 9. Bd3 Be7 10. O-O Bh5 11. Qb3 Bg6 12. Qxb6 axb6 13. Bb5 O-O 14. Rfe1 Rfc8 15. Nh4 Bc2 16. Rec1 Ne4 17. Nhf3 Nxd2 18. Nxd2 Bg6 19. Re1 Na5 20. g4 Nc6 21. Kg2 Ra5 22. Bf1 Raa8 23. Bb5 Ra5 24. Bf1 h6 25. Bg3 Bf8 26. a3 Raa8 27. Bb5 Na5 28. Re3 Nc4 29. Nxc4 dxc4 30. Bd7 Rd8 31. Bb5 Rac8 32. Rae1 Bc2 33. h4 Be7 34. Kh3 Bf6 35. h5 Rd5 36. a4 Bb3 37. Bh4 Ra8 38. Bg3 Rc8 39. Bh4 Ra8 40. Bg3 Bxa4 41. Bxc4 Rdd8 42. f4 b5 43. Bf1 b4 44. Bh4 bxc3 45. bxc3 Bc2 46. Bg2 Rab8 47. R1e2 Bh7 48. Be4 Bxe4 49. Rxe4 Bxh4 50. Kxh4 Rbc8 51. R2e3 Rc7 52. f5 exf5 53. gxf5 Kf8 54. Rg3 Rdc8 55. Ree3 b5 56. Kg4 Rc4 57. Rd3 Rd8 58. Kh3 Rdc8 59. Kg4 Ke7 60. Kf4 Kf6 61. Rge3 Rd8 62. Re5 b4 63. cxb4 Rxb4 64. Ke4 Rb1 65. Rd2 Rh1 66. Ra5 Rh4+ 67. Ke3 Rxh5 68. Ra6+ Ke7 69. f6+ gxf6 70. Rf2 Rh3+ 71. Ke4 Rh4+ 72. Ke3 Rhxd4 73. Raxf6 Rd3+ 74. Ke4 R8d4+ 75. Ke5 Rd5+ 76. Ke4 1-0


[Site "Internet"]

[Event "Chessable Masters - Torneo preliminare"]
[White "Durarbayli, Vasif"]
[Black "Darini, Pouria"]
[WhiteFideId "13402935"]
[BlackFideId "12502200"]
[WhiteElo "2531"]
[BlackElo "2573"]
[Result "1-0"]
[Round "6"]
[TimeControl "600+2"]
[Date "2023.03.13"]
[WhiteClock "0:00:32"]
[BlackClock "0:00:14"]

1. e4 c5 2. Nf3 Nc6 3. Bb5 e6 4. O-O Nge7 5. c3 a6 6. Ba4 b5 7. Bc2 Bb7 8. a4 b4 9. d4 cxd4 10. cxd4 d5 11. e5 Nf5 12. Kh1 Qb6 13. Be3 Be7 14. Nbd2 O-O 15. Nb3 Nxe3 16. fxe3 f6 17. exf6 Rxf6 18. Qd3 Rh6 19. Rac1 Rf8 20. Bb1 Qc7 21. Ne5 Qd6 22. Rxf8+ Bxf8 23. Ng4 Rh4 24. h3 Qg3 25. Nh2 e5 26. Qf5 Nd8 27. Rf1 Bd6 28. Qd7 1-0


[Site "Internet"]

[Event "Chessable Masters - Torneo preliminare"]
[White "Sharapov, Evgeny"]
[Black "Ibarra Jerez, Jose Carlos"]
[WhiteFideId "14103133"]
[BlackFideId "2226332"]
[WhiteElo "2337"]
[BlackElo "2546"]
[Result "1/2-1/2"]
[Round "6"]
[TimeControl "600+2"]
[Date "2023.03.13"]
[WhiteClock "0:02:39"]
[BlackClock "0:00:49"]

1. e4 c5 2. Nf3 Nc6 3. d4 cxd4 4. Nxd4 e5 5. Nb5 d6 6. N1c3 a6 7. Na3 Be6 8. Nc4 Rb8 9. Ne3 Nf6 10. g3 h5 11. h3 g6 12. Bg2 Bh6 13. O-O O-O 14. Ncd5 Bxd5 15. exd5 Ne7 16. a4 Rc8 17. a5 Rc5 18. b4 Rc7 19. Bb2 Qc8 20. c4 Bxe3 21. fxe3 Nf5 22. Qd3 Rxc4 23. e4 Nxe4 24. Rfc1 Nd2 25. Qxd2 Nxg3 26. Qd3 Rxc1+ 27. Rxc1 Qd7 28. Qxg3 Qb5 29. Qc3 Qe2 30. Re1 Qb5 31. Rc1 Qe2 32. Bf3 Qb5 33. Qc4 Qd7 34. Bg2 Qf5 35. Qe4 Qg5 36. Qe2 f5 37. Kh1 Rf7 38. Rc8+ Kh7 39. Bc1 Qh4 40. Rc4 f4 41. Bd2 Qg3 42. Qf3 Qg5 43. Be1 Qf5 44. Qe4 f3 45. Qxf5 fxg2+ 46. Kxg2 gxf5 47. Kf3 Kg6 48. Rc8 f4 49. Ke4 f3 50. Bf2 Rf4+ 51. Ke3 Rxb4 52. Rd8 Kf5 53. Kxf3 e4+ 54. Ke2 Rb2+ 55. Ke3 Rb3+ 56. Kd4 Rd3+ 57. Kc4 Ke5 58. Re8+ Kf4 59. Rf8+ Ke5 60. Bh4 Rd4+ 61. Kc3 Rd3+ 62. Kc4 Rd4+ 63. Kc3 Rd3+ 64. Kc4 1/2-1/2


[Site "Internet"]

[Event "Chessable Masters - Torneo preliminare"]
[White "Wagner, Dennis"]
[Black "Esipenko, Andrey"]
[WhiteFideId "24650684"]
[BlackFideId "24175439"]
[WhiteElo "2456"]
[BlackElo "2682"]
[Result "1-0"]
[Round "6"]
[TimeControl "600+2"]
[Date "2023.03.13"]
[WhiteClock "0:00:16"]
[BlackClock "0:00:02"]

1. d4 Nf6 2. c4 e6 3. Nf3 d5 4. g3 Bb4+ 5. Bd2 Be7 6. Bg2 O-O 7. O-O c6 8. Qc2 Nbd7 9. Rd1 b6 10. b3 a5 11. Bc3 Ne4 12. Ne5 Nxe5 13. Bxe4 Ng6 14. Bg2 f5 15. e3 Nh8 16. Nd2 g5 17. Nf3 Ng6 18. Bb2 Ba6 19. cxd5 cxd5 20. Qc6 Kf7 21. Bf1 Rc8 22. Qa4 Bxf1 23. Kxf1 g4 24. Ne5+ Nxe5 25. dxe5 Rc2 26. Bd4 Qc7 27. Qb5 Rb8 28. a4 h5 29. Re1 h4 30. Re2 Bb4 31. gxh4 Rh8 32. Bxb6 Qc3 33. Rxc2 Qxc2 34. Bxa5 Be7 35. Qb7 Qe4 36. Kg1 f4 37. exf4 Qxf4 38. Re1 Rxh4 39. Bd8 Qxh2+ 40. Kf1 Qh3+ 41. Ke2 Qf3+ 42. Kd2 Qxf2+ 43. Re2 Qf4+ 44. Kc2 Qf5+ 45. Kb2 Qg5 46. Bxe7 1-0


[Site "Internet"]

[Event "Chessable Masters - Torneo preliminare"]
[White "Van Foreest, Lucas"]
[Black "Mamedov, Rauf"]
[WhiteFideId "1039792"]
[BlackFideId "13401653"]
[WhiteElo "2483"]
[BlackElo "2632"]
[Result "1-0"]
[Round "6"]
[TimeControl "600+2"]
[Date "2023.03.13"]
[WhiteClock "0:07:00"]
[BlackClock "0:02:31"]

1. d4 Nf6 2. c4 g6 3. Nc3 Bg7 4. e4 d6 5. h3 O-O 6. Be3 Nc6 7. Nf3 e5 8. d5 Ne7 9. g4 c6 10. Be2 cxd5 11. cxd5 Bd7 12. Nd2 Rc8 13. Qb3 b6 14. f3 Ne8 15. h4 f5 16. gxf5 gxf5 17. O-O-O Kh8 18. Kb1 Ng6 19. h5 Nf4 20. Ba6 Rb8 21. h6 Bf6 22. Bb5 Nc7 23. Bxd7 Qxd7 24. exf5 b5 25. Nde4 b4 26. Nxf6 Rxf6 27. Bxf4 exf4 28. Ne4 Rxf5 29. Rhg1 Nb5 30. Rg7 Qe8 31. Qd3 Qe5 32. Ng5 Na3+ 33. Ka1 Rbf8 34. Rg1 1-0


[Site "Internet"]

[Event "Chessable Masters - Torneo preliminare"]
[White "Frolyanov, Dmitry"]
[Black "Grischuk, Alexander"]
[WhiteFideId "4151976"]
[BlackFideId "4126025"]
[WhiteElo "2451"]
[BlackElo "2731"]
[Result "1-0"]
[Round "6"]
[TimeControl "600+2"]
[Date "2023.03.13"]
[WhiteClock "0:00:37"]
[BlackClock "0:00:02"]

1. d4 e6 2. c4 b6 3. Nc3 Bb4 4. Qc2 Bb7 5. Nf3 f5 6. Bd2 Nf6 7. e3 O-O 8. Bd3 a5 9. O-O-O Qe7 10. Rhg1 Bxc3 11. Bxc3 Ne4 12. Kb1 d6 13. Rdf1 c5 14. Nd2 Nxc3+ 15. Qxc3 Nc6 16. Nf3 Nb4 17. Ka1 Rac8 18. Bb1 d5 19. cxd5 Bxd5 20. Rc1 c4 21. Ne5 b5 22. g4 Be4 23. gxf5 exf5 24. f3 Bxb1 25. Kxb1 a4 26. Rg2 Nd5 27. Qd2 Qb4 28. Rcg1 Rc7 29. Qxb4 Nxb4 30. e4 fxe4 31. fxe4 g6 32. a3 Nd3 33. Nxd3 cxd3 34. Rd2 Rf3 35. Rgd1 Re3 36. e5 Kf7 37. Rxd3 Re4 38. Rf3+ Ke7 39. d5 Rc8 40. d6+ Ke6 41. Rh3 Rxe5 42. Rxh7 Rd8 43. Re7+ 1-0


[Site "Internet"]

[Event "Chessable Masters - Torneo preliminare"]
[White "Predke, Alexandr"]
[Black "Vetoshko, Volodymyr"]
[WhiteFideId "24107581"]
[BlackFideId "14122480"]
[WhiteElo "2582"]
[BlackElo "2457"]
[Result "0-1"]
[Round "6"]
[TimeControl "600+2"]
[Date "2023.03.13"]
[WhiteClock "0:00:05"]
[BlackClock "0:00:26"]

1. e4 c5 2. Nf3 e6 3. d4 cxd4 4. Nxd4 a6 5. g3 d5 6. Nb3 Nf6 7. exd5 Qxd5 8. Qxd5 Nxd5 9. Bg2 Nc6 10. O-O Be7 11. c3 Ne5 12. Rd1 Bd7 13. N1d2 O-O-O 14. a4 h5 15. h4 g5 16. hxg5 h4 17. Nf1 hxg3 18. Nxg3 Rdg8 19. f4 Ng4 20. Rd3 f6 21. Ne4 fxg5 22. fxg5 Ne5 23. Rg3 Ng6 24. Nbc5 Ngf4 25. Bxf4 Nxf4 26. Rg4 Nxg2 27. Nxd7 Ne3 28. Rg3 Nf5 29. Rd3 Bxg5 30. Nb6+ Kc7 31. Na8+ Rxa8 32. Nxg5 Rag8 0-1


[Site "Internet"]

[Event "Chessable Masters - Torneo preliminare"]
[White "Drozdowski, Kacper"]
[Black "Vaibhav, Suri"]
[WhiteFideId "1136720"]
[BlackFideId "5045185"]
[WhiteElo "2472"]
[BlackElo "2543"]
[Result "1/2-1/2"]
[Round "6"]
[TimeControl "600+2"]
[Date "2023.03.13"]
[WhiteClock "0:02:12"]
[BlackClock "0:00:44"]

1. e4 e5 2. Nf3 Nc6 3. Bc4 Bc5 4. c3 Nf6 5. d3 d6 6. Bb3 a6 7. Nbd2 Ba7 8. h3 h6 9. Nh2 O-O 10. Ndf1 d5 11. Qf3 Be6 12. Ng3 Na5 13. Bc2 dxe4 14. dxe4 Nc4 15. Ng4 Nh7 16. O-O Nd2 17. Bxd2 Qxd2 18. Rac1 Ng5 19. Qe2 Rad8 20. Rfd1 Qxe2 21. Nxe2 f6 22. Kf1 h5 23. Ne3 Bxe3 24. fxe3 h4 25. b3 Bf7 26. c4 Bh5 27. Ke1 Kf7 28. Rxd8 Rxd8 29. Nc3 a5 30. a3 c6 31. Ra1 Ra8 32. Bd1 Bxd1 33. Rxd1 Ke7 34. Ke2 Ne6 35. Na4 Rb8 36. Nb6 Rd8 37. Rxd8 Kxd8 38. b4 axb4 39. axb4 Nc7 40. Kd3 Na6 41. Kc3 Nc7 42. c5 Nb5+ 43. Kd3 Ke7 44. Nc4 Kd7 45. Nd2 Nc7 46. Nf3 g5 47. Nd2 Na6 48. Kc3 Nc7 49. Nc4 Nb5+ 50. Kd3 Kc7 1/2-1/2


[Site "Internet"]